Map: Para Site LE

Players

JadedShard

  • Race: Zerg Zerg
  • Spawn Location: 11:00

Dolan - Winner!

  • Race: Terran Terran
  • Spawn Location: 5:00

Event: WCS Montreal 2018

VOD

Have the link to the VOD?

Description

Time

  • Played on: Sept. 7, 2018, 1:30 p.m.
  • Length: 5:51

All games in this series

Show
View Real Time Build Order
Export as new Build Order

JadedShard Zerg 

Build Orders: Hatch First, Roach Nydus 

Get SALT Encoding   

  12  0:00  Drone  
  13  0:14  Overlord  
  13  0:17  Drone  
  14  0:33  Drone x2  
  16  0:42  Drone  
  17  0:52  Hatchery  
  17  0:55  Drone  
  17  0:58  Drone  
  18  1:09  Extractor  
  17  1:18  Spawning Pool  
  16  1:19  Drone  
  16  1:21  Drone  
  18  1:33  Drone  
  19  1:44  Overlord  
  19  1:52  Drone  
  20  2:06  Zergling x4, Queen x2  
  26  2:14  Drone  
  27  2:18  Drone  
  28  2:31  Drone x2  
  28  2:34  Overlord  
  30  2:39  Spore Crawler  
  30  2:42  Queen  
  32  2:54  Drone x2  
  32  2:56  Lair  
  34  3:04  Drone x3  
  34  3:05  Extractor  
  36  3:16  Roach Warren  
  35  3:23  Queen  
  35  3:25  Drone, Overlord x3  
  38  3:33  Spore Crawler  
  37  3:45  Drone x2  
  40  3:53  Overseer  
  40  3:58  Nydus Network, Queen  
  40  3:59  Queen  
  40  4:02  Roach x2  
  47  4:15  Roach x2  
  47  4:16  Roach x2  
  55  4:26  Roach x2  
  59  4:44  Nydus Canal  
  59  4:47  Roach  
  61  4:55  Roach  
  61  4:56  Zergling x2  
  61  4:57  Zergling x6  
  68  5:06  Spore Crawler  
Show
View Real Time Build Order
Export as new Build Order

Dolan Terran - Winner!

Build Orders: Gas First Reaper Expand, Liberator Opening, Reaper Expand 

Get SALT Encoding   

  12  0:00  SCV  
  13  0:12  SCV  
  14  0:17  Supply Depot  
  14  0:25  SCV  
  14  0:27  Refinery  
  15  0:38  SCV  
  16  0:44  Barracks  
  16  0:50  SCV  
  17  1:02  SCV  
  18  1:14  SCV  
  19  1:31  Reaper, Orbital Command  
  20  1:45  Command Center  
  20  1:56  SCV  
  20  1:58  Factory  
  21  2:05  Barracks Reactor  
  21  2:08  SCV  
  21  2:12  Supply Depot  
  22  2:16  Refinery  
  22  2:20  SCV  
  23  2:33  SCV  
  24  2:47  Starport  
  24  2:50  SCV  
  25  2:52  Marine  
  25  2:53  Hellion x2  
  25  2:58  Orbital Command  
  30  3:02  SCV  
  31  3:15  Hellion x2, Barracks Tech Lab  
  31  3:19  SCV  
  36  3:20  Liberator  
  36  3:24  SCV  
  37  3:31  SCV  
  38  3:41  Hellion x2  
  44  3:42  Supply Depot  
  44  3:43  SCV x2  
  44  3:46  Barracks Tech Lab  
  46  4:03  SCV x2  
  46  4:05  Marine, Supply Depot  
  50  4:17  SCV x2  
  51  4:27  Command Center  
  51  4:30  SCV x2  
  53  4:31  Marine  
  53  4:32  Siege Tank  
  53  4:33  Supply Depot  
  57  4:41  Engineering Bay x2  
  57  4:43  SCV x2  
  57  4:45  Liberator  
  59  4:49  Marine  
  60  4:55  SCV  
  60  4:56  SCV  
  62  5:04  Cyclone  
  64  5:16  Marine  
  51  5:26  SCV x2  
Tags
 
Add a new tag
Caveats
  • Supply blocks, unpowered buildings, or Contaminate may cause inaccurate times.
  • Supply counts are checked every 10 seconds.